 Dungeon Crawl Stone Soup version 0.31-a0-774-g0d66cbabe8 (webtiles) character file.

Game seed: 13606863806775008601

16870 Joey1 the Earth Mage (level 12, -1/73 HPs)
             Began as a Gargoyle Earth Elementalist on Sept 17, 2023.
             Was an Initiate of Gozag.
             Slain by an eleionoma (10 damage)
             ... on level 3 of the Lair of Beasts.
             The game lasted 00:43:54 (15453 turns).

Joey1 the Earth Mage (Gargoyle Earth Elementalist) Turns: 15453, Time: 00:43:55

Health: -1/73      AC: 11    Str: 13    XL:     12   Next: 42%
Magic:  19/22      EV: 13    Int: 32    God:    Gozag
Gold:   1246       SH:  0    Dex: 10    Spells: 21/25 levels left

rFire   + . .        (no weapon)
rCold   + . .        (no shield)
rNeg    + . .        a - +0 robe
rPois   ∞            (no helmet)
rElec   +            (no cloak)
rCorr   +            r - +0 pair of gloves
SInv    .            (no boots)
Will    .....        (no amulet)
Stlth   ++           P - +6 ring of intelligence
HPRegen 0.32/turn    m - +6 ring of intelligence
MPRegen 0.18/turn

%: no passive effects
@: resistant, invisible
A: sickness immunity, AC +8, negative energy resistance 1, electricity
resistance, torment resistance 1, petrification resistance
a: Renounce Religion, Potion Petition, Call Merchant, Bribe Branch


You were on level 3 of the Lair of Beasts.
You worshipped Gozag.
Gozag was most pleased with you.
You visited 3 branches of the dungeon, and saw 12 of its levels.
You also visited: Ossuary.

You collected 2095 gold pieces.
You paid 849 gold pieces to Gozag.

Inventory:

Armour
 a - a +0 robe (worn)
 d - a +0 buckler
 n - an orb of guile
 r - a +0 pair of gloves (worn)
Jewellery
 k - a +4 ring of protection
 m - a +6 ring of intelligence (right hand)
 v - a +4 ring of slaying
 y - a ring of poison resistance
 G - an amulet of guardian spirit
 K - a ring of fire
 P - a +6 ring of intelligence (left hand)
Wands
 p - a wand of roots (14)
 q - a wand of digging (16)
 J - a wand of polymorph (7)
 M - a wand of charming (3)
 O - a wand of acid (2)
Scrolls
 e - 7 scrolls of noise
 f - a scroll of vulnerability
 j - 5 scrolls of poison
 l - 9 scrolls of teleportation
 o - 2 scrolls of enchant weapon
 t - 5 scrolls of immolation
 w - 2 scrolls of revelation {unknown}
 z - 2 scrolls of fog {unknown}
 B - a scroll of brand weapon {unknown}
 H - 3 scrolls of identify
 I - a scroll of acquirement {unknown}
 L - a scroll of enchant armour {unknown}
 Q - a scroll of blinking {unknown}
Potions
 b - 3 potions of magic
 c - 2 potions of resistance {unknown}
 g - 3 potions of cancellation {unknown}
 h - 10 potions of curing
 i - 2 potions of haste {unknown}
 s - 4 potions of might
 u - 10 potions of degeneration
 x - 2 potions of brilliance {unknown}
 A - 5 potions of heal wounds {unknown}
 C - 3 potions of mutation
 D - a potion of ambrosia {unknown}
 E - a potion of berserk rage {unknown}
 F - 2 potions of invisibility {unknown}
 N - a potion of attraction {unknown}


   Skills:
 - Level 8.0 Fighting
 + Level 5.3 Dodging
 - Level 2.1 Stealth
 - Level 7.0 Spellcasting
 - Level 10.0 Conjurations
 - Level 1.0 Transmutations
 - Level 16.0 Earth Magic


You had 21 spell levels left.
You knew the following spells:

 Your Spells              Type           Power      Damage    Failure   Level
a - Sandblast             Erth           100%       2d20      0%          1
b - Stone Arrow           Conj/Erth      100%       3d13      1%          3

Your spell library contained the following spells:

 Spells                   Type           Power      Damage    Failure   Level
 Passwall                 Tmut/Erth      50%        N/A       1%          2
 Animate Armour           Summ/Erth      100%       N/A       1%          4
 Brom's Barrelling Bould  Conj/Erth      76%        2d9       1%          4
 Petrify                  Tmut/Erth      60%        N/A       1%          4
 Lee's Rapid Deconstruct  Erth           42%        3d21*     1%          5
 Apportation              Tloc           22%        N/A       4%          1
 Jinxbite                 Hex            22%        N/A       6%          2
 Inner Flame              Hex/Fire       11%        N/A       12%         3
 Dispel Undead            Necr           11%        3d9       38%         4
 Summon Lightning Spire   Summ/Air       11%        N/A       38%         4
 Alistair's Intoxication  Tmut/Pois      9%         N/A       67%         5
 Yara's Violent Unravell  Hex/Tmut       7%         3d5       67%         5
 Death Channel            Necr           5%         N/A       99%         6
 Enfeeble                 Hex            5%         N/A       100%        7
 Cigotuvi's Dreadful Rot  Necr/Pois/Air  Unusable   N/A       N/A         2

Dungeon Overview and Level Annotations

Branches:
Dungeon (8/15)             Temple (1/1) D:4            Lair (3/5) D:8
 Spider (0/4) Lair:3      Ossuary (visited)
  Swamp: Lair:2-3    Shoals: Lair:2-3

Altars:
Ashenzari
Cheibriados
Dithmenos
Elyvilon
Fedhas
Gozag
Hepliaklqana
Kikubaaqudgha
Makhleb
Nemelex Xobeh
Okawaru
Qazlal
Ru
Uskayaw
Vehumet
Wu Jian
Xom
Zin
The Shining One

Shops:
D:1 [*   D:2 !   D:6 (

Annotations:
D:3 exclusion: sky beast
D:4 1 runed translucent door


Innate Abilities, Weirdness & Mutations

You are immune to sickness and miasma.
Your stone body is resilient. (AC +8)
You are immune to poison.
You resist negative energy. (rN+)
You are resistant to electric shocks. (rElec)
You are resistant to unholy torment.
You are immune to petrification.


Message History

The eleionoma is severely wounded.
The eleionoma touches a tree and draws upon its vitality.
The eleionoma is healed.
Casting: Stone Arrow (safe; 1% risk of failure)
Confirm with . or Enter, or press ? or * to list all spells.
Aiming: Stone Arrow (safe; 1% risk of failure)
Press: ? - help, Shift-Dir - straight line, f/p - eleionoma
Aim: an eleionoma (78% to hit)
The stone arrow hits the eleionoma!
The eleionoma is lightly wounded.
The eleionoma hits you!
* * * LOW HITPOINT WARNING * * *
Casting: Stone Arrow (safe; 1% risk of failure)
Confirm with . or Enter, or press ? or * to list all spells.
Aiming: Stone Arrow (safe; 1% risk of failure)
Press: ? - help, Shift-Dir - straight line, f/p - eleionoma
Aim: an eleionoma (lightly wounded, 78% to hit)
Okay, then. [a] - 120 gold - heal wounds [b] - 680 gold - resistance, invisibility, heal wounds, curing and magic [c] - 420 gold - curing, magic, heal wounds and berserk rage Purchase which effect?
You feel protected.
You fade into invisibility!
You feel much better.
You feel better. Magic courses through your body.
The eleionoma hurls a spray of splinters at you.
The spray of wooden splinters hits you!!
* * * LOW HITPOINT WARNING * * *
Casting: Stone Arrow (safe; 1% risk of failure)
Confirm with . or Enter, or press ? or * to list all spells.
You don't know that spell.
Casting: Stone Arrow (safe; 1% risk of failure)
Confirm with . or Enter, or press ? or * to list all spells.
Aiming: Stone Arrow (safe; 1% risk of failure)
Press: ? - help, Shift-Dir - straight line, f/p - eleionoma
Aim: an eleionoma (lightly wounded, unable to see you, 78% to hit)
The stone arrow hits the eleionoma!
The eleionoma is moderately wounded.
The eleionoma hits you!
You die...
Your body crumbles into a pile of gold.

W.............##.
F............#.##
..####......#....
♣..####P..........
................<. ♣♣♣
♣....##.......... #.~.
♣##..###.....#P...
##.♣~.#R##...#.....#P...
......$@...........###..
......$............###.#
........................
#.####...####P...#.#.#..
# #≈≈≈≈~~# ########.###
####...# ### #.### ##


You could see an eleionoma (unable to see you).

Vanquished Creatures
  Josephine (Lair:3)
  A skyshark (Lair:1)
  Pikel (D:8)
  4 elephants (Lair:1)
  A torpor snail (Lair:3)
  A black mamba (Lair:1)
  12 cane toads
  4 komodo dragons
  A rime drake (Lair:2)
  A tarantella (Lair:3)
  4 blink frogs (Lair:3)
  2 wyverns
  13 yaks
  4 wraiths (Lair:3)
  A basilisk (Lair:3)
  9 water moccasins
  Duvessa (D:4)
  3 ice beasts
  A sky beast (D:7)
  5 orc warriors
  2 black bears
  4 ogres
  4 centaurs
  A lemure (D:8)
  4 wolves (Lair:2)
  A kobold brigand (D:7)
  6 bullfrogs
  5 scorpions
  3 wights (D:8)
  Dowan (D:4)
  A centaur zombie (Ossuary)
  2 human zombies (Ossuary)
  A hound (D:7)
  A jelly (D:8)
  6 orc priests
  3 iguanas
  4 orc wizards
  3 mummies (Ossuary)
  3 gnolls (D:3)
  9 adders
  4 white imps
  2 ufetubi
  5 worms
  2 dart slugs
  34 orcs
  4 bats
  6 endoplasms
  2 giant cockroaches
  9 goblins
  12 hobgoblins
  3 jackals (D:1)
  4 quokkas
  8 ball pythons
  6 frilled lizards
  A gnoll zombie (Ossuary)
  3 goblin zombies (Ossuary)
  8 kobolds
  A kobold zombie (Ossuary)
  4 rats
252 creatures vanquished.

Notes
Turn   | Place    | Note
-------+----------+-------------------------------------------
     0 | D:1      | Joey1 the Gargoyle Earth Elementalist began the quest for
                  | the Orb.
     0 | D:1      | Reached XP level 1. HP: 10/10 MP: 3/3
    75 | D:1      | Found Corph's General Store.
    96 | D:1      | Reached skill level 1 in Fighting
   154 | D:1      | Reached skill level 4 in Earth Magic
   154 | D:1      | Reached XP level 2. HP: 16/16 MP: 1/5
   599 | D:1      | Found Poroenuk's Antique Armour Emporium.
   775 | D:1      | Reached XP level 3. HP: 20/20 MP: 5/7
   937 | D:2      | Found Wazeq's Distillery.
  1020 | D:2      | Learned a level 3 spell: Stone Arrow
  1618 | D:2      | Reached XP level 4. HP: 25/25 MP: 3/8
  2049 | D:3      | Reached skill level 5 in Earth Magic
  2083 | D:3      | Noticed a sky beast
  2412 | D:3      | Found a burning altar of Makhleb.
  2412 | D:3      | Found a shadowy altar of Dithmenos.
  2477 | D:3      | Reached XP level 5. HP: 24/29 MP: 1/9
  2599 | D:3      | Reached skill level 6 in Earth Magic
  3146 | D:4      | Found a staircase to the Ecumenical Temple.
  3159 | Temple   | Entered the Ecumenical Temple
  3197 | D:4      | Noticed an ogre
  3205 | D:4      | Killed an ogre
  3206 | D:4      | Reached skill level 7 in Earth Magic
  3206 | D:4      | Reached XP level 6. HP: 35/35 MP: 7/10
  3378 | D:4      | Found an iron altar of Okawaru.
  3378 | D:4      | Found a runed translucent door.
  3383 | D:4      | Found the +0 toga "Victory" {*Victory Clar}
  3898 | D:4      | Noticed Duvessa
  3898 | D:4      | Noticed Dowan
  3907 | D:4      | Killed Duvessa
  3919 | D:4      | Killed Dowan
  3920 | D:4      | Reached skill level 8 in Earth Magic
  4350 | D:4      | Found an opulent altar of Gozag.
  4353 | D:4      | Became a worshipper of Gozag Ym Sagoz the Greedy
  4421 | D:5      | Entered Level 5 of the Dungeon
  4526 | D:5      | Reached skill level 1 in Conjurations
  4526 | D:5      | Reached XP level 7. HP: 40/40 MP: 6/11
  5027 | D:5      | Reached skill level 5 in Conjurations
  5304 | D:5      | Reached XP level 8. HP: 40/44 MP: 7/12
  5686 | D:6      | Found an ornate altar of the Wu Jian Council.
  5787 | D:6      | Found Wyjiud's Antique Weapon Shoppe.
  6151 | D:6      | Found a sand-covered staircase.
  6167 | Ossuary  | Entered an ossuary
  6324 | Ossuary  | Reached skill level 5 in Fighting
  7336 | D:7      | Reached XP level 9. HP: 40/54 MP: 0/15
  7505 | D:7      | Reached skill level 5 in Spellcasting
  7767 | D:7      | Reached skill level 9 in Earth Magic
  8578 | D:7      | Reached skill level 1 in Transmutations
  8896 | D:8      | Found a staircase to the Lair.
  8916 | D:8      | Noticed Pikel
  8924 | D:8      | Killed Pikel
  8925 | D:8      | Reached skill level 10 in Earth Magic
  9066 | D:8      | Reached skill level 11 in Earth Magic
  9239 | D:8      | Found a sacrificial altar of Ru.
  9354 | D:8      | Reached XP level 10. HP: 59/59 MP: 6/19
  9652 | D:8      | Reached skill level 12 in Earth Magic
  9940 | Lair:1   | Entered Level 1 of the Lair of Beasts
  9940 | Lair:1   | Noticed a cane toad
  9946 | Lair:1   | Killed a cane toad
 10033 | Lair:1   | Noticed a cane toad
 10038 | Lair:1   | Killed a cane toad
 10293 | Lair:1   | Noticed a cane toad
 10297 | Lair:1   | Killed a cane toad
 10369 | Lair:1   | Noticed a cane toad
 10370 | Lair:1   | Noticed a skyshark
 10372 | Lair:1   | Killed a cane toad
 10377 | Lair:1   | Killed a skyshark
 10378 | Lair:1   | Reached skill level 13 in Earth Magic
 10629 | Lair:1   | Reached XP level 11. HP: 31/67 MP: 0/21
 11220 | Lair:1   | Reached skill level 14 in Earth Magic
 11691 | Lair:1   | Reached skill level 10 in Conjurations
 12864 | Lair:2   | Reached skill level 15 in Earth Magic
 13943 | Lair:2   | Reached skill level 16 in Earth Magic
 14088 | Lair:3   | Reached XP level 12. HP: 72/72 MP: 9/22
 14749 | Lair:3   | Noticed Josephine
 14771 | Lair:3   | HP: 3/73 [blink frog (13)]
 14991 | Lair:3   | Killed Josephine
 15224 | Lair:3   | Found a hole to the Spider Nest.
 15262 | Lair:3   | Reached skill level 5 in Dodging
 15442 | Lair:3   | Noticed an eleionoma
 15453 | Lair:3   | Slain by an eleionoma

Illustrated notes

Levels and vault maps discovered:
D:1:      dpeg_arrival_tiny_a, layout_loops_ring, serial_shops,
          nicolae_shop_crystal, nicolae_shop_competitors_out_of_business
D:2:      layout_basic, serial_rivers, chequers_serial_rivers_large_a,
          chequers_serial_rivers_small_b, chequers_serial_rivers_small_3,
          chequers_serial_rivers_large_b, serial_shops, shop
D:3:      layout_basic, nicolae_overflow_hidden_temple
D:4:      layout_layer_cave, nicolae_overflow_guarded_unrand_okawaru_victory,
          kennysheep_mini, temple_fountains, uniq_duvessa
D:5:      layout_layer_cave, reono_crystal_passage
D:6:      layout_loops_ring, mainiacjoe_overflow_alcove_1,
          nicolae_ossuary_entry_ruins, serial_shops, shop
D:7:      layout_gridville, chequers_decorated_corner
D:8:      layout_cave_pools, mainiacjoe_overflow_cross_hatched,
          dpeg_oklobed_lair, special_room [special_room_orc], uniq_pikel
Temple:   nicolae_temple_god_jail
Lair:1:   layout_small_grid, grunt_megastairs_4, infiniplex_staircase_pool_2
Lair:2:   layout_small_grid, lemuel_fruit_tree
Lair:3:   layout_regular_city, alex1729_swamp_entry_worm_eleionoma,
          spider_nest_entry_rubble, serial_rivers, chequers_serial_rivers_marsh,
          chequers_serial_rivers_small_3, chequers_serial_rivers_marsh,
          chequers_serial_rivers_micro_b, pdpol_lair_cabin_in_the_woods,
          uniq_josephine

Skill      XL: |  1  2  3  4  5  6  7  8  9 10 11 12 |
---------------+-------------------------------------+-----
Fighting       | 1 2 5 7 8 |  8.0
Earth Magic    | 4 5 7 8 11 13 16 | 16.0
Spellcasting   | 3 4 6 7 |  7.0
Conjurations   | 1 6 7 8 10 | 10.0
Transmutations | 1 |  1.0
Dodging        | 5 |  5.3
Stealth        | |  2.1

Action                     |  1- 3 |  4- 6 |  7- 9 | 10-12 || total
---------------------------+-------+-------+-------+-------++-------
  Melee: Unarmed           |     1 |    11 |     5 |    15 ||    32
         Punch             |       |     1 |       |       ||     1
   Cast: Sandblast         |    49 |    66 |    83 |   109 ||   307
         Stone Arrow       |       |    12 |    51 |   152 ||   215
 Invoke: Potion Petition   |       |       |       |     2 ||     2
    Use: Scroll            |       |       |     6 |       ||     6
 Armour: Robe              |     6 |    19 |    34 |   129 ||   188
  Dodge: Dodged            |     6 |    13 |    27 |    74 ||   120

Table legend: (Time is in decaauts)
 A = Elapsed time spent in this place.
 B = Non-inter-level travel time spent in this place.
 C = Inter-level travel time spent in this place.
 D = Time resting spent in this place.
 E = Time spent auto-exploring this place.
 F = Levels seen in this place.
 G = Mean time per level.
                   A        B        C        D        E       F      G
               +--------+--------+--------+--------+--------+-----+--------+
         Total |  15676 |  15253 |    423 |   2193 |  10555 |  13 | 1205.8 |
       Dungeon |   9727 |   9434 |    293 |    389 |   7566 |   8 | 1215.9 |
        Temple |     35 |     35 |      0 |      0 |      0 |   1 |   35.0 |
          Lair |   5579 |   5449 |    130 |   1804 |   2719 |   3 | 1859.7 |
       Ossuary |    333 |    333 |      0 |      0 |    269 |   1 |  333.0 |
               +--------+--------+--------+--------+--------+-----+--------+

Top non-repeatable levels by time:
  Lair:1: 2578 daAuts
     D:7: 1873 daAuts
  Lair:2: 1650 daAuts
  Lair:3: 1350 daAuts
     D:4: 1349 daAuts
     D:5: 1278 daAuts
     D:2: 1156 daAuts
     D:8: 1119 daAuts
     D:3: 1026 daAuts
     D:6: 973 daAuts
     D:1: 950 daAuts
 Ossuary: 333 daAuts
  Temple: 35 daAuts
